cohdb
Replays
Latest Replays
All Replays
Popular Replays
Top Player Replays
Match Explorer
How It Works
Community
CoH3 Stats
Reddit
Sign in to upload your games and track your stats! →
Sign in with Steam
Match 44588075
Unlisted
Match 44588075
Overview
Messages
Build Orders
End
Selects Italian Combined Arms Battlegroup
Selects Bersaglieri Squad
Bersaglieri Squad
250 Light Carrier
Bersaglieri Squad
Bersaglieri Squad
Selects Bersaglieri Bolster
Construct Light Support Kompanie
2.5-tonne Medical Truck
Panzerjäger Mechanized Group
Combat Half-tracks
Construct Mechanized Kompanie
Marder III Tank Destroyer
Selects Breda Model 30 Light Machine Guns
254 Reconnaissance Tractor
Selects Semovente da 75/18 Assault Gun
Marder III Tank Destroyer
Fire Support Elements
2.5-tonne Medical Truck
Selects Strafing Run
Flakvierling Half-track
Strafing Run
Strafing Run
Jason_Beebe
[CoA] Deathkrieg
HuntingEVER
Sterben
kamacura
Goonsader
0
0
Comments
sign in to comment!
No comments posted yet!